 Dungeon Crawl Stone Soup version 0.22-a0-305-gd21a89c (webtiles) character file.

93 vishdafish the Firebug (level 4, 30/30 HPs)
             Began as a Demonspawn Fire Elementalist on Mar 30, 2018.
             Quit the game on level 2 of the Dungeon.
             The game lasted 00:05:22 (2948 turns).

vishdafish the Firebug (DsFE)                       Turns: 2948, Time: 00:05:23

Health: 30/30      AC:  2    Str:  8    XL:     4   Next: 37%
Magic:  7/7        EV: 12    Int: 18    God:
Gold:   126        SH:  0    Dex: 13    Spells: 7/8 levels left

rFire    . . .     SeeInvis .   e - +2 hand axe (freeze)
rCold    . . .     Gourm    .   (no shield)
rNeg     . . .     Faith    .   h - +0 robe (curse)
rPois    .         Spirit   .   (no helmet)
rElec    .         Reflect  .   (no cloak)
rCorr    .         Harm     .   (no gloves)
MR       .....                  (no boots)
Stlth    ++........             (no amulet)
HPRegen  0.10/turn              (no ring)
MPRegen  0.10/turn              (no ring)

@: no status effects
A: talons 1, demonic guardian 1
a: no special abilities


You were on level 2 of the Dungeon.
You were hungry.

You visited 1 branch of the dungeon, and saw 2 of its levels.

You collected 126 gold pieces.

Inventory:

Hand Weapons
 b - a +0 club
 e - a +2 hand axe of freezing (weapon)
 k - a +0 long sword
 l - a +0 whip of flaming
Missiles
 j - a throwing net (quivered)
Armour
 a - a +0 robe
 h - a cursed +0 robe (worn)
Scrolls
 d - 3 scrolls of remove curse {unknown}
 g - 3 scrolls of teleportation {unknown}
 m - a scroll of enchant armour {unknown}
 n - a scroll of random uselessness {unknown}
 o - 3 scrolls of magic mapping {unknown}
 p - a scroll of fog {unknown}
 q - 2 scrolls of blinking {unknown}
Potions
 f - 2 potions of curing {unknown}
 i - a potion of flight {unknown}
Comestibles
 c - 2 rations


   Skills:
 - Level 0.1 Maces & Flails
 - Level 2.2 Dodging
 - Level 1.8 Stealth
 * Level 0.8 Unarmed Combat
 + Level 2.5 Spellcasting
 + Level 1.7 Conjurations
 + Level 3.6 Fire Magic


You had 7 spell levels left.
You knew the following spells:

 Your Spells              Type           Power        Failure   Level  Hunger
a - Flame Tongue          Conj/Fire      ##...        5%          1    #......


Dungeon Overview and Level Annotations

Branches:
Dungeon (2/15)

Altars:


Innate Abilities, Weirdness & Mutations

You have sharp toenails.
A weak demonic guardian rushes to your aid.


Message History

No target in view!
No target in view!
No target in view!
No target in view!
There is a stone staircase leading up here.
You see here a club.
You see here 15 sling bullets.
You are feeling hungry.
You see here a dagger.
n - a scroll labeled POASIUHIYQUO No target in view!
Found an escape hatch in the floor.
o - 3 scrolls labeled JOTORE XADAQ (gained 1)
q - 2 scrolls labeled TOANTYANTOI No target in view!
You now have 126 gold pieces (gained 12).
Done exploring.
Done exploring.
Done exploring.
Are you sure you want to abandon this character and quit the game? (Confirm with "yes".)

############# ### #...........#
### ##.## #.#########.# ## ##.##
##.#.## #.# ######.###
.###.#.####..##.###.# #....)....
.##.###...##..##@.### #.##.....#
.....#.####........#####.##.###.#
....#.####..................# #.#
.....................###.##.###.#
....#######........#.....##.....#
.#### ##........##########.... .#
#...>......#########..## .#
#.....................# ##
##........###########.#


There were no monsters in sight!

Vanquished Creatures
  2 adders (D:2)
  An ooze (D:2)
  A worm (D:2)
  4 dart slugs (D:1)
  2 leopard geckos (D:1)
  3 orcs (D:2)
  5 bats
  3 giant cockroaches
  10 goblins
  4 hobgoblins (D:1)
  2 jackals (D:1)
  5 kobolds
  2 quokkas (D:2)
  4 frilled lizards
  3 rats (D:1)
51 creatures vanquished.

Notes
Turn   | Place    | Note
-------+----------+-------------------------------------------
     0 | D:1      | vishdafish the Demonspawn Fire Elementalist began the quest for the Orb.
     0 | D:1      | Reached XP level 1. HP: 13/13 MP: 3/3
   165 | D:1      | Reached skill level 3 in Fire Magic
   204 | D:1      | Gained mutation: A weak demonic guardian rushes to your aid. [demonic ancestry]
   204 | D:1      | Reached XP level 2. HP: 17/19 MP: 0/5
   692 | D:1      | Gained mutation: You have sharp toenails. [demonic ancestry]
   692 | D:1      | Reached XP level 3. HP: 9/24 MP: 4/6
  2149 | D:2      | Reached XP level 4. HP: 30/30 MP: 7/7
  2948 | D:2      | Quit the game

Vault maps used:
D:1:      matt_arrival_los_fun
D:2:      st_stairs_5

Skill      XL: |  1  2  3 |
---------------+----------+-----
Fire Magic     | 3 |  3.6
Dodging        | 2 |  2.2
Maces & Flails | |  0.1
Stealth        | |  1.8
Unarmed Combat | |  0.8
Spellcasting   | |  2.5
Conjurations   | |  1.7

Action                   |  1- 3 |  4- 6 || total
-------------------------+-------+-------++-------
Melee: Unarmed           |     5 |       ||     5
       Club              |    16 |       ||    16
       Hand axe          |    38 |    39 ||    77
       Kick              |     7 |     6 ||    13
 Cast: Flame Tongue      |    27 |     7 ||    34
 Stab: Sleeping          |     4 |     3 ||     7
  Eat: Chunk             |     4 |     2 ||     6
Armor: Robe              |    15 |     6 ||    21
Dodge: Dodged            |    45 |    22 ||    67

Table legend:
 A = Spawn XP
 B = Non-spawn XP
 C = Spawn XP percentage of total XP
 D = Spawn monster count
 E = Non-spawn monster count
 F = Spawn count percentage of total count
 G = Total turns spent on level
                    A         B        C        D         E        F      G
               +---------+---------+-------+---------+---------+-------+---------
         Total |       0 |     134 |   0.0 |       0 |      51 |   0.0 |  2948
               +---------+---------+-------+---------+---------+-------+---------
           D:1 |       0 |      65 |   0.0 |       0 |      32 |   0.0 |  1580
           D:2 |       0 |      69 |   0.0 |       0 |      19 |   0.0 |  1368
               +---------+---------+-------+---------+---------+-------+---------
